 Dungeon Crawl Stone Soup version 0.26.0-45-g9c1d065592 (webtiles) character file.

Game seed: 4589812437577274894

53 jlumianski the Skirmisher (level 3, -3/33 HPs)
             Began as a Palentonga Fighter on Jan 30, 2021.
             Killed by divine providence
             ... invoked by an orc priest
              (16 damage)
             ... on level 3 of the Dungeon.
             The game lasted 00:04:36 (1393 turns).

jlumianski the Skirmisher (Palentonga Fighter)      Turns: 1393, Time: 00:04:36

Health: -3/33      AC:  6    Str: 20    XL:     3   Next: 62%
Magic:  3/3        EV:  5    Int:  8    God:
Gold:   54         SH:  8    Dex:  9    Spells: 2/2 levels left

rFire    . . .     SeeInvis +   a - +0 war axe
rCold    . . .     Faith    .   c - +0 kite shield
rNeg     . . .     Spirit   .   b - +0 scale mail
rPois    .         Reflect  .   (no helmet)
rElec    .         Harm     .   (no cloak)
rCorr    .         Rampage  .   (no gloves)
Will     .....                  (no barding)
Stlth    ..........             (no amulet)
HPRegen  0.11/turn              (no ring)
MPRegen  0.08/turn              (no ring)

@: no status effects
A: large, rugged brown scales 3, see invisible, deformed body, roll 1, armoured
tail
a: Rolling Charge


You were on level 3 of the Dungeon.
You visited 1 branch of the dungeon, and saw 3 of its levels.

You collected 54 gold pieces.

Inventory:

Hand Weapons
 a - a +0 war axe (weapon)
 g - a +1 spear of freezing
Missiles
 k - 17 bolts
 m - 78 stones
 o - 27 poisoned darts (quivered)
Armour
 b - a +0 scale mail (worn)
 c - a +0 kite shield (worn)
Jewellery
 r - an uncursed ring of wizardry
Scrolls
 f - 2 scrolls of identify
 h - a scroll of enchant armour {unknown}
 i - 4 scrolls of teleportation {unknown}
 j - a scroll of blinking {unknown}
 l - 2 scrolls of fog {unknown}
 q - a scroll of magic mapping {unknown}
Potions
 d - a potion of might
 e - 2 potions of heal wounds
 n - a potion of lignification {unknown}
 p - a potion of haste {unknown}


   Skills:
 + Level 3.5 Fighting
 + Level 2.6 Axes
 + Level 2.8 Armour
 + Level 0.1 Dodging
 + Level 2.7 Shields


You had 2 spell levels left.
You didn't know any spells.
Your spell library was empty.

Dungeon Overview and Level Annotations

Branches:
Dungeon (3/15)

Altars:


Innate Abilities, Weirdness & Mutations

You are completely covered in rugged brown scales. (AC +3, +7% HP)
You have supernaturally acute eyesight. (SInv)
Armour fits poorly on your strangely shaped body.
You can roll at nearby foes to attack.
You have a long armoured tail.


Message History

Your tail-slap misses the orc priest.
The orc priest is severely wounded.
The orc priest barely misses you.
You barely miss the orc priest.
Your tail-slap misses the orc priest.
The orc priest is severely wounded.
You block the orc priest's attack.
An orc comes into view. It is wielding a +0 war axe.
You block the orc priest's attack.
You hit the orc priest.
The orc priest is severely wounded.
The orc priest completely misses you.
You hit the orc priest but do no damage.
The orc priest is severely wounded.
The orc priest hits you from afar with a +0 trident.
You slash the orc!
You kill the orc!
The orc priest hits you from afar with a +0 trident.
The orc priest mumbles some strange prayers to Beogh against you.
Beogh smites you!
You die...

. .# ..
#####. #
...#. .#
... ..
#.######.#
#..o@.<..#
#..#######
#..# #...
#.## #. ##


You could see an orc priest.

Vanquished Creatures
  2 adders (D:2)
  A dart slug (D:2)
  A leopard gecko (D:1)
  2 orcs
  4 bats (D:1)
  A giant cockroach (D:1)
  2 goblins (D:1)
  4 hobgoblins (D:1)
  3 jackals (D:2)
  4 kobolds
  4 frilled lizards
  A rat (D:1)
29 creatures vanquished.

Notes
Turn   | Place    | Note
-------+----------+-------------------------------------------
     0 | D:1      | jlumianski the Palentonga Fighter began the quest for the
                  | Orb.
     0 | D:1      | Reached XP level 1. HP: 20/20 MP: 1/1
   351 | D:1      | Reached XP level 2. HP: 21/27 MP: 2/2
   811 | D:2      | Reached XP level 3. HP: 33/33 MP: 3/3
  1393 | D:3      | Killed from afar by an orc priest

Illustrated notes

Levels and vault maps discovered:
D:1:      roderic_crossed_star, layout_loops_ring, minmay_pentomino_o2
D:2:      layout_loops_ring
D:3:      layout_basic, led_sif_book, old_standard_altar

Action                   || total
-------------------------++-------
Melee: War axe           ||   114
       Tailslap          ||     8
 Abil: Rolling Charge    ||    15
  Use: Scroll            ||     1
       Potion            ||     1
Armor: Scale mail        ||    53
Dodge: Dodged            ||    21
Block: Kite shield       ||    57
